 Dungeon Crawl Stone Soup version 0.31.0-9-g3a7656b989 (webtiles) character file.

Game seed: 13270212519270163173

426 qw the Shooter (level 6, -2/33 HPs)
             Began as a Spriggan Hunter on Feb 2, 2024.
             Incinerated by a bombardier beetle (5 damage)
             ... with a burning spray
             ... on level 4 of the Dungeon.
             The game lasted 00:00:09 (2835 turns).

qw the Shooter (Spriggan Hunter)                    Turns: 2835, Time: 00:00:10

Health: -2/33      AC:  3    Str:  7    XL:     6   Next: 64%
Magic:  7/7        EV: 20    Int: 11    God:
Gold:   152        SH:  0    Dex: 20    Spells: 5/5 levels left

rFire   . . .        a - +0 shortbow (freeze)
rCold   . . .        (shield currently unavailable)
rNeg    . . .        c - +0 robe
rPois   .            (helmet restricted)
rElec   .            g - +0 cloak
rCorr   .            (gloves unavailable)
SInv    +            (boots unavailable)
Will    +....        (no amulet)
Stlth   +            (no ring)
HPRegen 0.25/turn    (no ring)
MPRegen 0.10/turn

%: no passive effects
@: on fire, glowing, very quick
A: very small, no large weapons, unfitting armour, see invisible, speed 3
a: no special abilities


You were on level 4 of the Dungeon.
You visited 1 branch of the dungeon, and saw 4 of its levels.

You collected 152 gold pieces.


Innate Abilities, Weirdness & Mutations

You are very small and have problems with some larger weapons.
You are too small for most types of armour.
You have supernaturally acute eyesight. (SInv)
You cover ground extremely quickly. (Speed+++)


   Skills:
 - Level 3.9 Fighting
 + Level 5.7 Ranged Weapons
 - Level 5.2 Dodging
 - Level 1.5 Stealth


You had 5 spell levels left.
You didn't know any spells.
Your spell library was empty.

Inventory:

Hand Weapons
 a - a +0 shortbow of freezing (weapon)
Armour
 c - a +0 robe (worn)
 g - a +0 cloak (worn)
Wands
 d - a wand of paralysis (8)
Scrolls
 b - a scroll of vulnerability {unknown}
 e - a scroll of fog {unknown}
 h - a scroll of identify
Potions
 f - a potion of curing

Dungeon Overview and Level Annotations

Branches:
Dungeon (4/15)
 Temple: D:4-7

Altars:
Ashenzari
Okawaru
Xom
Zin


Message History

The ufetubus misses you.
The ufetubus hits you but does no damage.
You shoot an arrow. The arrow hits the ufetubus!
The arrow freezes the ufetubus.
You kill the ufetubus!
You start resting.
HP restored.
There is an open door here.
A bombardier beetle comes into view.
You shoot an arrow. The arrow hits the bombardier beetle.
The arrow freezes the bombardier beetle.
The bombardier beetle is moderately wounded.
Found 3 stones and a potion of invisibility.
You shoot an arrow.
The arrow closely misses the bombardier beetle.
The bombardier beetle sprays incendiary fluid at you.
The burning spray hits you.
You are covered in liquid fire!
You shoot an arrow. The arrow hits the bombardier beetle!
The arrow freezes the bombardier beetle.
The bombardier beetle is almost dead.
The liquid fire burns you!
You shoot an arrow. The arrow hits the bombardier beetle.
The arrow freezes the bombardier beetle.
You kill the bombardier beetle!
The liquid fire burns you!
You are on fire!
The liquid fire burns you!
You are on fire!
The liquid fire burns you!
You are on fire!
The liquid fire burns you!
You are on fire!
The liquid fire burns you!
You are on fire!
The liquid fire burns you!
You are on fire!
The liquid fire burns you!
You are on fire!
The liquid fire burns you!
You die...

##### ######.#.#
.....#.#.#########
####.#...........#
#.#.#########.#
####.#'## #.#
........# #.#
........# #.#
........# #@#
........########.#
.................%
.###.#.#########...
...#..)...# #...(
.. .......##.#
##.... ..###+##
.....####.# ...!.
........ ###..# #.#
..#### ........
##...# #.# ........


There were no monsters in sight!

Vanquished Creatures
  Grinder (D:3)
  A hound (D:4)
  2 bombardier beetles
  3 adders
  2 ufetubi (D:4)
  2 ribbon worms
  7 orcs
  6 endoplasms
  4 giant cockroaches
  12 goblins
  4 hobgoblins
  8 quokkas
  5 ball pythons
  3 bats
  5 frilled lizards
  4 kobolds
  4 rats
73 creatures vanquished.

Vanquished Creatures (others)
  An angel (D:3)
  An endoplasm (D:3)
2 creatures vanquished.

Grand Total: 75 creatures vanquished

Notes
Turn   | Place    | Note
-------+----------+-------------------------------------------
     0 | D:1      | qw the Spriggan Hunter began the quest for the Orb.
     0 | D:1      | Reached XP level 1. HP: 10/10 MP: 2/2
     0 | D:1      | 0 ||| qw: Version: 0.3-a-155-g5e7d8dd
     0 | D:1      | 0 ||| qw: Game counter: 1552
     0 | D:1      | 0 ||| qw: Melee chars always use a shield: true
     0 | D:1      | 0 ||| qw: God list: Okawaru
     0 | D:1      | 0 ||| qw: Allow faded altars: false
     0 | D:1      | 0 ||| qw: Do Orc after clearing Dungeon:15 true
     0 | D:1      | 0 ||| qw: Do second Lair branch before Depths: true
     0 | D:1      | 0 ||| qw: Lair rune preference: random
     0 | D:1      | 0 ||| qw: Goals: Normal
     0 | D:1      | 0 ||| PLANNING D:1-11
    56 | D:1      | Reached skill level 3 in Dodging
   207 | D:1      | Reached XP level 2. HP: 14/14 MP: 3/3
   866 | D:1      | 866 ||| READING scroll labelled XEUTAF NIEM.
   867 | D:1      | 867 ||| READING 4 scrolls labelled DAL TEMULENE.
   867 | D:1      | 867 ||| IDENTIFYING cyan potion
   868 | D:1      | 868 ||| READING 3 scrolls of identify.
   868 | D:1      | 868 ||| IDENTIFYING silvery potion
   869 | D:1      | 869 ||| READING 2 scrolls of identify.
   869 | D:1      | 869 ||| IDENTIFYING murky sapphire potion
   870 | D:1      | 870 ||| DROPPING scroll of butterflies.
   871 | D:1      | 871 ||| DROPPING potion of brilliance.
   912 | D:2      | Reached XP level 3. HP: 18/18 MP: 4/4
  1376 | D:2      | HP: 3/18 [orc/+0 war axe (6)]
  1377 | D:2      | 1377 ||| DRINKING potion of heal wounds.
  1385 | D:2      | Reached XP level 4. HP: 22/22 MP: 5/5
  1724 | D:2      | 1724 ||| READING scroll of identify.
  1724 | D:2      | 1724 ||| IDENTIFYING clear potion
  1725 | D:2      | 1725 ||| READING scroll labelled BUXTAM PUAMIR.
  1725 | D:2      | 1725 ||| BRANDING +0 shortbow.
  1726 | D:2      | 1726 ||| READING scroll labelled INIGRAWUTS.
  1731 | D:2      | 1731 ||| DROPPING potion of invisibility.
  1941 | D:3      | Killed an angel
  2033 | D:3      | Found a glowing silver altar of Zin.
  2033 | D:3      | Found a shimmering altar of Xom.
  2035 | D:3      | Found a faded altar of an unknown god.
  2086 | D:3      | Noticed Grinder
  2087 | D:3      | 2087 ||| ZAPPING wand of paralysis (10) at 3,-2 (Grinder;
                  | floor).
  2095 | D:3      | 2095 ||| ZAPPING wand of paralysis (9) at 2,-1 (Grinder;
                  | floor).
  2100 | D:3      | Killed Grinder
  2101 | D:3      | Reached skill level 3 in Fighting
  2101 | D:3      | Reached XP level 5. HP: 29/29 MP: 6/6
  2101 | D:3      | Reached XP level 6. HP: 33/33 MP: 7/7
  2187 | D:3      | 2187 ||| UPGRADING to +0 cloak.
  2192 | D:3      | 2192 ||| READING 2 scrolls of identify.
  2192 | D:3      | 2192 ||| IDENTIFYING bubbling golden potion
  2193 | D:3      | 2193 ||| READING scroll of identify.
  2193 | D:3      | 2193 ||| IDENTIFYING scroll labelled ORIUWEPNUCS
  2194 | D:3      | 2194 ||| DROPPING potion of degeneration.
  2195 | D:3      | 2195 ||| DROPPING scroll of blinking.
  2245 | D:4      | Found a broken altar of Ashenzari.
  2324 | D:4      | Found an iron altar of Okawaru.
  2833 | D:4      | HP: 7/33 [burnt (3)]
  2834 | D:4      | HP: 2/33 [burnt (5)]
  2835 | D:4      | Incinerated by a bombardier beetle

Levels and vault maps discovered:
D:1:      sevenhm_arrival_forest_fort_small_4, layout_basic,
          minmay_misc_feat_secret_circle
D:2:      layout_basic
D:3:      layout_basic, grunt_temple_overflow_order_and_chaos_1,
          hellmonk_ecumenical_altar_pennies_from_heaven, uniq_grinder
D:4:      layout_basic, nicolae_overflow_hidden_temple,
          ashenzari_conservatory_becter

Skill      XL: |  1  2  3  4 |
---------------+-------------+-----
Dodging        | 3 4 5 |  5.2
Ranged Weapons | 5 |  5.7
Fighting       | 3 |  3.9
Stealth        | |  1.5

Action                     |  1- 3 |  4- 6 || total
---------------------------+-------+-------++-------
   Fire: Shortbow          |   125 |    91 ||   216
  Evoke: Wand              |       |     2 ||     2
    Use: Scroll            |     4 |     5 ||     9
         Potion            |     1 |       ||     1
 Armour: Robe              |     6 |     9 ||    15
  Dodge: Dodged            |    36 |    42 ||    78

Table legend:
 A = Non-vault XP
 B = Vault XP
 C = Vault XP percentage of total XP
 D = Non-vault monster count
 E = Vault monster count
 F = Vault count percentage of total count
                 A         B        C        D         E       F
            +---------+---------+-------+---------+---------+-------
      Total |     314 |     295 |  48.4 |      72 |       1 |   1.4
            +---------+---------+-------+---------+---------+-------
        D:1 |      31 |       0 |   0.0 |      19 |       0 |   0.0
        D:2 |      70 |       0 |   0.0 |      25 |       0 |   0.0
        D:3 |      75 |     295 |  79.7 |      17 |       1 |   5.6
        D:4 |     138 |       0 |   0.0 |      11 |       0 |   0.0
            +---------+---------+-------+---------+---------+-------
